 Dungeon Crawl Stone Soup version 0.30-a0-1043-g60ff8d5f49 (webtiles) character file.

Game seed: 11962145589307208594

63 cheesebisquit the Digger (level 4, -2/24 HPs)
             Began as a Gargoyle Earth Elementalist on Apr 10, 2023.
             Slain by a gnoll
             ... wielding a +0 halberd
              (13 damage)
             ... on level 3 of the Dungeon.
             The game lasted 00:04:07 (1182 turns).

cheesebisquit the Digger (GrEE)                     Turns: 1182, Time: 00:04:08

Health: -2/24      AC:  5    Str: 12    XL:     4   Next: 10%
Magic:  11/16      EV: 11    Int: 17    God:
Gold:   27         SH:  0    Dex: 10    Spells: 3/7 levels left

rFire   . . .      SeeInvis .    i - +0 great mace
rCold   . . .      Faith    .    (shield currently unavailable)
rNeg    + + +      Spirit   .    g - +0 robe {rN+}
rPois   ∞          Reflect  .    (no helmet)
rElec   +          Rampage  .    e - scarf {+Inv}
rCorr   .                        (no gloves)
Will    .....                    (no boots)
Stlth   ++                       (no amulet)
HPRegen 0.24/turn                j - ring of magical power
MPRegen 0.15/turn                k - ring of positive energy

@: no status effects
A: sickness immunity, AC +3, negative energy resistance 1, electricity
resistance, torment resistance 1, petrification resistance
a: Evoke Invisibility


You were on level 3 of the Dungeon.
You visited 1 branch of the dungeon, and saw 3 of its levels.

You collected 27 gold pieces.

Inventory:

Hand Weapons
 d - a +3 spear
 i - a +0 great mace (weapon)
Missiles
 l - 6 poisoned darts
Armour
 e - a scarf of invisibility (worn)
 g - a +0 robe of positive energy (worn)
Jewellery
 j - a ring of magical power (left hand)
 k - a ring of positive energy (right hand)
Scrolls
 a - a scroll of teleportation {unknown}
 c - a scroll of fog {unknown}
 f - a scroll of identify {unknown}
 n - a scroll of enchant armour {unknown}
Potions
 b - a potion of magic
 h - a potion of heal wounds {unknown}
 m - a potion of mutation {unknown}


   Skills:
 - Level 1.5 Dodging
 - Level 2.1 Stealth
 - Level 2.0 Spellcasting
 - Level 0.7 Transmutations
 * Level 5.9 Earth Magic


You had 3 spell levels left.
You knew the following spells:

 Your Spells              Type           Power      Damage    Failure   Level
a - Sandblast             Erth           42%        2d11      1%          1
b - Stone Arrow           Conj/Erth      22%        3d8       17%         3

Your spell library contained the following spells:

 Spells                   Type           Power      Damage    Failure   Level
 Passwall                 Tmut/Erth      10%        N/A       8%          2
 Blink                    Tloc           2%         N/A       28%         2
 Petrify                  Tmut/Erth      12%        N/A       45%         4
 Manifold Assault         Tloc           1%         N/A       88%         4
 Storm Form               Tmut/Air       1%         N/A       100%        7


Dungeon Overview and Level Annotations

Branches:
Dungeon (3/15)

Altars:
Qazlal
Trog


Innate Abilities, Weirdness & Mutations

You are immune to sickness and miasma.
Your stone body is resilient. (AC +3)
You are immune to poison.
You resist negative energy. (rN+)
You are resistant to electric shocks. (rElec)
You are resistant to unholy torment.
You are immune to petrification.


Message History

Found 2 stones.
The blast of sand hits the orc!
The orc is almost dead.
The orc shouts!
You hear a shout! x2
A gnoll comes into view. It is wielding a +0 halberd.
The blast of sand hits the orc but does no damage.
The orc is almost dead.
The orc closely misses you.
The blast of sand hits the orc.
You kill the orc!
A gnoll comes into view. It is wielding a +0 spear.
An orc priest comes into view. It is wielding a +0 hand axe.
The gnoll closely misses you.
The blast of sand misses the gnoll.
The blast of sand hits the gnoll.
The gnoll is heavily wounded.
The gnoll shouts!
You hear an angry hiss.
The orc priest miscasts a cantrip.
The gnoll hits you from afar with a +0 halberd!
A gnoll comes into view. It is wielding a +0 club.
The blast of sand hits the gnoll!
The gnoll is heavily wounded.
The gnoll closely misses you.
The orc priest looks braver for a moment.
A frilled lizard comes into view.
The gnoll closely misses you. The gnoll hits you with a +0 spear.
Things that are here:
a +0 whip; a +0 ring mail; an orc corpse You barely miss the gnoll.
The gnoll is heavily wounded.
The gnoll hits you but does no damage. The gnoll hits you with a +0 spear.
You are too injured to fight recklessly!
Aiming: Sandblast (safe; 1% risk of failure)
Press: ? - help, Q - select action, (/) - cycle Shift-Dir - straight line, f/p - gnoll
Aim: a gnoll, wielding a +0 halberd (heavily wounded, 85% to hit)
The blast of sand hits the gnoll!
You kill the gnoll!
The gnoll barely misses you.
The gnoll hits you from afar with a +0 halberd!
Ouch! That really hurt!
You die...

#.......##
##.###...##
#.# #.#..##
#.# #.##..##
#.# #.###..#
#.# #)#
##.## #..
#..# ##.
##.##♣♣g♣♣#.
#
#..@)gol...
##.#♣♣.♣♣##
###


You could see an orc priest, 2 gnolls and a frilled lizard.

Vanquished Creatures
  2 gnolls
  3 adders
  3 orcs (D:3)
  2 ball pythons (D:1)
  An endoplasm (D:1)
  A hobgoblin (D:1)
  3 jackals (D:1)
  2 quokkas (D:1)
  3 bats
  A frilled lizard (D:1)
  3 goblins
  A rat (D:1)
25 creatures vanquished.

Notes
Turn   | Place    | Note
-------+----------+-------------------------------------------
     0 | D:1      | cheesebisquit the Gargoyle Earth Elementalist began the
                  | quest for the Orb.
     0 | D:1      | Reached XP level 1. HP: 10/10 MP: 3/3
   115 | D:1      | Reached skill level 4 in Earth Magic
   206 | D:1      | Reached XP level 2. HP: 15/15 MP: 3/5
   724 | D:1      | Reached XP level 3. HP: 19/19 MP: 6/6
   863 | D:1      | Reached skill level 5 in Earth Magic
   869 | D:1      | Learned a level 3 spell: Stone Arrow
  1058 | D:2      | You fall into a shaft and drop 1 floor!
  1058 | D:3      | Found a stormy altar of Qazlal.
  1063 | D:3      | Found a bloodstained altar of Trog.
  1096 | D:3      | Reached XP level 4. HP: 15/24 MP: 7/7
  1182 | D:3      | Slain by a gnoll

Illustrated notes

Levels and vault maps discovered:
D:1:      shiori_shiawase, layout_loops_cross, nrook_campfire
D:2:      layout_loops_corners
D:3:      layout_rooms, lemuel_crystal_altar, grunt_qazlal_clouds,
          minmay_tree_intersection, uniq_ijyb

Skill      XL: |  1  2  3 |
---------------+----------+-----
Earth Magic    | 4 5 |  5.9
Dodging        | |  1.5
Stealth        | |  2.1
Spellcasting   | |  2.0
Transmutations | |  0.7

Action                     |  1- 3 |  4- 6 || total
---------------------------+-------+-------++-------
  Melee: Spear             |     8 |       ||     8
         Great mace        |       |     1 ||     1
   Cast: Sandblast         |    28 |     8 ||    36
 Armour: Robe              |     4 |     1 ||     5
  Dodge: Dodged            |    12 |     5 ||    17

Table legend: (Time is in decaauts)
 A = Elapsed time spent in this place.
 B = Non-inter-level travel time spent in this place.
 C = Inter-level travel time spent in this place.
 D = Time resting spent in this place.
 E = Time spent auto-exploring this place.
 F = Levels seen in this place.
 G = Mean time per level.
                   A        B        C        D        E       F      G
               +--------+--------+--------+--------+--------+-----+--------+
         Total |   1199 |   1123 |     76 |      0 |    921 |   3 |  399.7 |
       Dungeon |   1199 |   1123 |     76 |      0 |    921 |   3 |  399.7 |
               +--------+--------+--------+--------+--------+-----+--------+

Top non-repeatable levels by time:
     D:1: 973 daAuts
     D:3: 131 daAuts
     D:2: 94 daAuts
